 Dungeon Crawl Stone Soup version 0.30.0-12-gd5a94ecb5d (webtiles) character file.

Game seed: 8412683417439939455

89 Leibowitz the Trooper (level 4, 0/29 HPs)
             Began as a Kobold Fighter on May 17, 2023.
             Killed by divine providence
             ... invoked by an orc priest
              (14 damage)
             ... on level 3 of the Dungeon.
             The game lasted 00:06:37 (2550 turns).

Leibowitz the Trooper (Kobold Fighter)              Turns: 2550, Time: 00:06:37

Health: 0/29       AC:  6    Str: 13    XL:     4   Next: 84%
Magic:  4/4        EV: 13    Int:  9    God:
Gold:   160        SH:  6    Dex: 16    Spells: 3/3 levels left

rFire   . . .        a - +0 rapier
rCold   + . .        c - +1 buckler
rNeg    . . .        p - +0 leather armour
rPois   +            i - +0 helmet
rElec   +            k - +1 cloak of the Carpenter {rElec rC+ Will+ Regen+}
rCorr   .            (no gloves)
SInv    .            (no boots)
Will    +....        (no amulet)
Stlth   ++           m - +4 ring of slaying
HPRegen 1.04/turn    h - ring of poison resistance
MPRegen 0.09/turn

%: no passive effects
@: no status effects
A: small, no large weapons, nightstalker 3
a: no special abilities


You were on level 3 of the Dungeon.
You visited 1 branch of the dungeon, and saw 3 of its levels.

You collected 160 gold pieces.

Inventory:

Hand Weapons
 a - a +0 rapier (weapon)
 b - a +2 short sword of holy wrath
Armour
 c - a +1 buckler (worn)
 i - a +0 helmet (worn)
 k - the +1 cloak of the Carpenter (worn) {rElec rC+ Will+ Regen+}
   (You found it on level 3 of the Dungeon)

   rC:        It protects you from cold.
   rElec:     It insulates you from electricity.
   Regen:     It increases your rate of health regeneration.
   Will:      It increases your willpower.
 p - a +0 leather armour (worn)
Jewellery
 e - a ring of resist corrosion
 h - a ring of poison resistance (right hand)
 m - a +4 ring of slaying (left hand)
Scrolls
 j - 4 scrolls of identify
 l - 2 scrolls of teleportation
Potions
 d - a potion of might
 f - 2 potions of flight
 g - a potion of haste
 n - a potion of heal wounds
 o - a potion of resistance {unknown}
 q - a potion of curing


   Skills:
 * Level 4.0 Fighting
 * Level 4.0 Short Blades
 + Level 2.8 Armour
 * Level 1.3 Dodging
 + Level 2.7 Shields


You had 3 spell levels left.
You didn't know any spells.
Your spell library contained the following spells:

 Spells                   Type           Power      Damage    Failure   Level
 Ozocubu's Armour         Ice            0%         N/A       91%         3
 Ozocubu's Refrigeration  Ice            0%         4d7       100%        7


Dungeon Overview and Level Annotations

Branches:
Dungeon (3/15)

Altars:

Annotations:
D:3 Grinder


Innate Abilities, Weirdness & Mutations

You are small and have problems with some larger weapons.
You are completely attuned to the shadows.


Message History

Your +0 buckler glows green for a moment.
An adder comes into view.
The adder hisses angrily.
The adder bites you but does no damage.
You hit the adder.
The adder is heavily wounded.
The adder barely misses you. The adder misses you.
You hit the adder.
The adder is almost dead.
The adder bites you but does no damage.
You hit the adder.
You kill the adder!
Your Short Blades skill increases to level 4!
An orc comes into view. It is wielding a +0 short sword.
The orc shouts!
You hear a shout! x3
An orc priest comes into view. It is wielding a +0 war axe.
You hear a shout!
You block the orc's attack.
You barely miss the orc. The orc hits you with a +0 short sword.
You hit the orc.
The orc is almost dead.
An orc comes into view. It is wielding a +0 mace.
The orc barely misses you. You block the orc's attack.
You closely miss the orc.
The orc is almost dead.
The orc closely misses you.
You puncture the orc!
You kill the orc!
The orc priest looks encouraged for a moment.
You hit the orc.
The orc is heavily wounded.
The orc hits you with a +0 mace.
The orc priest mumbles some strange prayers to Beogh against you.
Beogh smites you!
You hear a shout!
You hit the orc.
You kill the orc!
The orc priest invokes the aid of Beogh against you.
Beogh smites you!
You die...

#........ #....#
#.... #......##
#.##.### #....
#......# #....
#..#.#.# #....
#..#...# #....
###..#############
#.................
#.#########....###
#@# #....# #)#
#....# #o. ......#
#### .#....#


You could see an orc priest.

Vanquished Creatures
  4 adders
  2 dart slugs (D:1)
  4 orcs (D:3)
  2 bats
  3 endoplasms
  A giant cockroach (D:3)
  5 hobgoblins
  7 jackals (D:2)
  A quokka (D:2)
  4 ball pythons
  2 frilled lizards (D:3)
  3 goblins
  4 kobolds
  2 rats
44 creatures vanquished.

Notes
Turn   | Place    | Note
-------+----------+-------------------------------------------
     0 | D:1      | Leibowitz the Kobold Fighter began the quest for the Orb.
     0 | D:1      | Reached XP level 1. HP: 14/14 MP: 1/1
   442 | D:1      | Reached XP level 2. HP: 16/19 MP: 2/2
  1341 | D:2      | Reached skill level 1 in Dodging
  1341 | D:2      | Reached XP level 3. HP: 24/24 MP: 3/3
  1946 | D:3      | Identified the +1 cloak of the Carpenter {rElec rC+ Will+
                  | Regen+}
  2035 | D:3      | Reached XP level 4. HP: 29/29 MP: 4/4
  2212 | D:3      | Noticed Grinder
  2550 | D:3      | Killed from afar by an orc priest

Illustrated notes

Levels and vault maps discovered:
D:1:      dpeg_arrival_simpleton_b, layout_loops_corners, chequers_garden
D:2:      layout_loops_ring
D:3:      layout_basic, uniq_ijyb, uniq_grinder

Skill      XL: |  1  2  3  4 |
---------------+-------------+-----
Short Blades   | 3 4 |  4.0
Dodging        | 1 |  1.3
Fighting       | 4 |  4.0
Armour         | |  2.8
Shields        | |  2.7

Action                     |  1- 3 |  4- 6 || total
---------------------------+-------+-------++-------
  Melee: Rapier            |    71 |    31 ||   102
    Use: Potion            |     6 |       ||     6
         Scroll            |     4 |     2 ||     6
   Stab: Sleeping          |     2 |     4 ||     6
 Armour: Scale mail        |     4 |       ||     4
         Robe              |     3 |       ||     3
         Leather armour    |     3 |    12 ||    15
  Dodge: Dodged            |    34 |    18 ||    52
  Block: Buckler           |    12 |     5 ||    17
